 Dungeon Crawl Stone Soup version 0.23.2 (webtiles) character file.

Game seed: 1590590189215202876

163 Borgoz the Cutter (level 5, -2/45 HPs)
             Began as a Ghoul Gladiator on Apr 4, 2019.
             Was an Initiate of Ashenzari.
             Slain by a sky beast (5 damage)
             ... on level 4 of the Dungeon.
             The game lasted 00:03:29 (2431 turns).

Borgoz the Cutter (Ghoul Gladiator)                 Turns: 2431, Time: 00:03:30

Health: -2/45      AC:  5    Str: 18    XL:     5   Next: 44%
Magic:  4/4        EV: 18    Int:  4    God:    Ashenzari [......]
Gold:   148        SH:  0    Dex: 15    Spells: 4/4 levels left

rFire    + . .     SeeInvis .   e - +1 dagger (elec)
rCold    . . .     Gourm    .   (no shield)
rNeg     + + +     Faith    .   b - +0 leather armour
rPois    ∞         Spirit   .   c - +0 helmet
rElec    .         Reflect  .   (no cloak)
rCorr    .         Harm     .   (no gloves)
MR       .....                  q - +0 pair of boots
Stlth    +++.......             (no amulet)
HPRegen  0.00/turn              k - ring of fire
MPRegen  0.09/turn              (no ring)

@: agile, rotting, hasted, very quick
A: rotting body, claws 1, carnivore, cold resistance 1, negative energy
resistance 3, inhibited regeneration, torment resistance, unbreathing
a: Curse Item, Renounce Religion


You were on level 4 of the Dungeon.
You worshipped Ashenzari.
Ashenzari was noncommittal.
You were not hungry.

You visited 1 branch of the dungeon, and saw 4 of its levels.

You collected 148 gold pieces.

Inventory:

Hand Weapons
 a - a +0 rapier
 e - a +1 dagger of electrocution (weapon)
Missiles
 d - a throwing net (quivered)
Armour
 b - a +0 leather armour (worn)
 c - a +0 helmet (worn)
 q - a +0 pair of boots (worn)
Jewellery
 k - a ring of fire (left claw)
 s - an uncursed ring of positive energy
Scrolls
 i - 6 scrolls of identify {unknown}
 j - 2 scrolls of amnesia {unknown}
 l - 4 scrolls of remove curse
 m - 5 scrolls of teleportation {unknown}
 n - a scroll of magic mapping {unknown}
 o - 2 scrolls of immolation {unknown}
 v - a scroll of enchant weapon {unknown}
 x - 3 scrolls of enchant armour {unknown}
 y - a scroll of fog {unknown}
Potions
 h - a potion of magic
 p - a potion of heal wounds {unknown}
 r - a potion of agility
 t - a potion of brilliance {unknown}
 u - a potion of lignification {unknown}
 w - a potion of haste
Comestibles
 f - 3 rations


   Skills:
 + Level 3.0 Fighting
 * Level 3.5 Short Blades
 - Level 1.7 Throwing
 * Level 2.0 Armour
 * Level 3.5 Dodging
 + Level 1.5 Stealth


You had 4 spell levels left.
You didn't know any spells.
Your spell library contained the following spells:

 Spells                   Type           Power        Failure   Level  Hunger
 Confusing Touch          Hex            #.....       56%         1    ##.....
 Confuse                  Hex            #.......     90%         3    ####...
 Gell's Gravitas          Tloc           #.........   90%         3    ####...
 Petrify                  Tmut/Erth      #.......     100%        4    #####..
 Metabolic Englaciation   Hex/Ice        #.........   100%        5    ######.
 Yara's Violent Unravell  Hex/Tmut       #.........   100%        5    ######.


Dungeon Overview and Level Annotations

Branches:
Dungeon (4/15)
 Temple: D:4-7

Altars:
Ashenzari
Cheibriados
Gozag
Hepliaklqana
Okawaru
Vehumet
Zin
The Shining One


Innate Abilities, Weirdness & Mutations

Your body is rotting away.
You thrive on raw meat.
You are immune to poison.
You have sharp fingernails.
You are carnivorous and can eat meat at any time.
Your flesh is cold resistant. (rC+)
You are immune to negative energy. (rN+++)
You do not regenerate when monsters are visible.
You are immune to unholy pain and torment.
You can survive without breathing.


Message History

Something hits you. Something shocks you.
* * * LOW HITPOINT WARNING * * *
You completely miss something. Something hits you.
* * * LOW HITPOINT WARNING * * *
Something shocks you.
* * * LOW HITPOINT WARNING * * *
You closely miss something. Something hits you but does no damage.
Okay, then.
Okay, then.
It was a potion of magic.
Magic courses through your body.
A sky beast appears from thin air!
Reactivating autopickup.
The sky beast closely misses you.
It was a potion of agility.
You feel agile all of a sudden. The sky beast misses you.
It was a potion of haste.
You feel yourself speed up. The sky beast hits you.
* * * LOW HITPOINT WARNING * * *
The sky beast shocks you.
You die...

## ######### ###
..........###<#####.
####.##.###...........
......................
....##.###..##.#####.
# #.# #..##.#
###.###..##.#
#####........##..
#....@.......##..
#...Y........##...
#).(..#.###...#...
#######.# #.#.# #.# #
. #.# .#


You could see a sky beast.

Vanquished Creatures
  A worker ant (D:3)
  4 adders
  2 oozes
  2 worms (D:3)
  A dart slug (D:3)
  4 leopard geckos
  8 orcs (D:3)
  2 ball pythons
  10 bats
  4 giant cockroaches
  8 goblins
  8 hobgoblins
  2 jackals (D:1)
  A frilled lizard (D:1)
  8 kobolds
  9 rats
74 creatures vanquished.

Notes
Turn   | Place    | Note
-------+----------+-------------------------------------------
     0 | D:1      | Borgoz the Ghoul Gladiator began the quest for the Orb.
     0 | D:1      | Reached XP level 1. HP: 17/17 MP: 0/0
    21 | D:1      | Reached XP level 2. HP: 14/24 MP: 1/1
   394 | D:1      | Reached XP level 3. HP: 29/30 MP: 2/2
   432 | D:1      | Reached skill level 1 in Armour
   775 | D:2      | Reached skill level 1 in Stealth
   785 | D:2      | Reached XP level 4. HP: 30/37 MP: 3/3
   860 | D:2      | Found an opulent altar of Gozag.
  1373 | D:3      | Found a shattered altar of Ashenzari.
  1418 | D:3      | Reached XP level 5. HP: 44/44 MP: 4/4
  1512 | D:3      | Became a worshipper of Ashenzari the Shackled
  1897 | D:3      | Found a snail-covered altar of Cheibriados.
  1914 | D:3      | Found a glowing silver altar of Zin.
  1941 | D:3      | Found a radiant altar of Vehumet.
  1951 | D:3      | Found an iron altar of Okawaru.
  2123 | D:3      | Found a glowing golden altar of the Shining One.
  2123 | D:3      | Found a hazy altar of Hepliaklqana.
  2402 | D:4      | Noticed a sky beast
  2431 | D:4      | Slain by a sky beast

Skill      XL: |  1  2  3  4  5 |
---------------+----------------+-----
Short Blades   | 3 |  3.5
Dodging        | 3 |  3.5
Armour         | 1 2 |  2.0
Stealth        | 1 |  1.5
Fighting       | 3 |  3.0
Throwing       | |  1.7

Action                   |  1- 3 |  4- 6 || total
-------------------------+-------+-------++-------
Melee: Rapier            |    13 |       ||    13
       Dagger            |    73 |   151 ||   224
Throw: Throwing net      |       |     2 ||     2
  Use: Potion            |       |     3 ||     3
 Stab: Sleeping          |     1 |     4 ||     5
  Eat: Chunk             |     4 |     3 ||     7
Armor: Leather armour    |    27 |    44 ||    71
Dodge: Dodged            |    54 |    90 ||   144
